 Dungeon Crawl Stone Soup version 0.30-a0-459-g9104f0fc43 (webtiles) character file.

Game seed: 3154692104260834858

135240 Majang the Severer (level 17, -4/135 HPs)
             Began as a Formicid Fighter on Dec 14, 2022.
             Was an Elder of Cheibriados.
             Shot with a bolt by a naga sharpshooter (12 damage)
             ... on level 4 of the Snake Pit on Dec 15, 2022.
             The game lasted 02:04:12 (29382 turns).

Majang the Severer (Formicid Fighter)              Turns: 29382, Time: 02:04:13

Health: -4/135     AC: 20    Str: 37    XL:     17   Next: 77%
Magic:  16/28      EV: 18    Int: 18    God:    Cheibriados [****..]
Gold:   1944       SH: 19    Dex: 32    Spells: 27/31 levels left

rFire   + + .      SeeInvis +    a - +8 battleaxe (venom)
rCold   . . .      Faith    .    p - +3 kite shield {reflect}
rNeg    . . .      Spirit   .    A - +2 chain mail {rF+}
rPois   +          Reflect  +    (helmet unavailable)
rElec   .          Harm     .    C - +0 cloak
rCorr   .          Rampage  .    q - +0 pair of gloves "Irahoak" {rPois Dex+4}
Will    +....                    K - +2 pair of boots
Stlth   ..........               t - amulet of magic regeneration
HPRegen 0.42/turn                k - ring of protection from fire
MPRegen 0.61/turn                z - +6 ring of dexterity

@: very slow
A: permanent stasis, dig shafts and tunnels, antennae 3, four strong arms
a: Dig, Shaft Self, Renounce Religion, Bend Time, Temporal Distortion, Slouch


You were on level 4 of the Snake Pit.
You worshipped Cheibriados.
Cheibriados was greatly pleased with you.
You visited 5 branches of the dungeon, and saw 25 of its levels.
You also visited: Ice Cave.

You collected 3494 gold pieces.
You spent 1550 gold pieces at shops.

Inventory:

Hand Weapons
 a - a +8 battleaxe of venom (weapon)
 b - a +1 hand axe of flaming
 G - the +8 mace "Imnuud" {venom, rC+ rCorr Int+4}
   (You found it on level 3 of the Lair of Beasts)

   It poisons the flesh of those it strikes.
   Int:       It affects your intelligence (+4).
   rC:        It protects you from cold.
   rCorr:     It protects you from acid and corrosion.
 U - a +0 executioner's axe
Missiles
 l - 8 boomerangs (quivered)
 y - 3 throwing nets
Armour
 n - the +0 kite shield of Lucidity {Will- Regen+ Str+4 Stlth+}
   (You took it off Donald on level 2 of the Orcish Mines)

   Str:       It affects your strength (+4).
   Regen:     It increases your rate of health regeneration.
   Will:      It decreases your willpower.
   Stlth:     It makes you more stealthy.
 p - a +3 kite shield of reflection (worn)
 q - the +0 pair of gloves "Irahoak" (worn) {rPois Dex+4}
   (You acquired it on level 1 of the Lair of Beasts)

   Dex:       It affects your dexterity (+4).
   rPois:     It protects you from poison.
 A - a +2 chain mail of fire resistance (worn)
 C - a +0 cloak (worn)
 K - a +2 pair of boots (worn)
 S - a +3 tower shield of cold resistance
Jewellery
 j - a ring of positive energy
 k - a ring of protection from fire (left hand)
 r - a ring of protection from cold
 s - a ring of fire
 t - an amulet of magic regeneration (around neck)
 z - a +6 ring of dexterity (right hand)
 O - a ring of ice
Wands
 c - a wand of acid (7)
 m - a wand of polymorph (14)
 v - a wand of mindburst (23)
 E - a wand of flame (6)
 I - a wand of paralysis (30)
 N - a wand of roots (10)
 P - a wand of digging (14)
Scrolls
 u - 8 scrolls of fog
 x - 3 scrolls of fear
 H - 6 scrolls of magic mapping
 J - a scroll of summoning
 L - 2 scrolls of identify
 Q - 3 scrolls of immolation
Potions
 d - 3 potions of might
 e - 6 potions of flight
 f - 9 potions of curing
 g - 2 potions of brilliance
 h - 3 potions of cancellation
 i - a potion of resistance
 o - 2 potions of attraction
 w - 5 potions of mutation
 B - 2 potions of lignification
 D - 2 potions of ambrosia
 R - a potion of berserk rage {unknown}
Miscellaneous
 T - a phial of floods (inert)


   Skills:
 + Level 12.6 Fighting
 * Level 15.7 Axes
 - Level 5.7 Throwing
 + Level 11.1 Armour
 + Level 8.8 Dodging
 + Level 13.2 Shields
 + Level 7.5 Spellcasting
 + Level 6.9 Translocations
 + Level 11.4 Invocations
 + Level 10.3 Evocations


You had 27 spell levels left.
You knew the following spells:

 Your Spells              Type           Power      Damage    Failure   Level
b - Lesser Beckoning      Tloc           62%        N/A       9%          3
y - Apportation           Tloc           62%        N/A       3%          1

Your spell library contained the following spells:

 Spells                   Type           Power      Damage    Failure   Level
 Gell's Gravitas          Tloc           31%        N/A       9%          3
 Teleport Other           Tloc           31%        N/A       9%          3
 Portal Projectile        Hex/Tloc       38%        N/A       34%         3
 Cigotuvi's Dreadful Rot  Necr/Pois/Air  12%        N/A       58%         2
 Poisonous Vapours        Pois/Air       12%        N/A       58%         2
 Ignite Poison            Fire/Tmut/Pois 6%         N/A       83%         3
 Mephitic Cloud           Conj/Pois/Air  6%         N/A       83%         3
 Tukima's Dance           Hex            6%         N/A       83%         3
 Leda's Liquefaction      Hex/Erth       3%         N/A       99%         4
 Sticky Flame             Conj/Fire      6%         2d3       99%         4
 Summon Lightning Spire   Summ/Air       6%         N/A       99%         4
 Dispersal                Tloc           15%        N/A       99%         6
 Alistair's Intoxication  Tmut/Pois      4%         N/A       100%        5
 Blade Hands              Tmut           3%         N/A       100%        5
 Lee's Rapid Deconstruct  Erth           3%         3d5*      100%        5
 Statue Form              Tmut/Erth      4%         N/A       100%        6
 Storm Form               Tmut/Air       3%         N/A       100%        7
 Ignition                 Fire           3%         3d4       100%        8
 Maxwell's Capacitive Co  Air            3%         ∞         100%        8


Dungeon Overview and Level Annotations

Branches:
Dungeon (13/15)            Temple (1/1) D:6            Lair (5/5) D:10
  Swamp (0/4) Lair:2        Snake (4/4) Lair:3        Slime (0/5) Lair:4
    Orc (2/2) D:9             Elf (0/3) Orc:2         IceCv (visited)
 Vaults: D:13-14

Altars:
Ashenzari
Cheibriados
Dithmenos
Elyvilon
Fedhas
Gozag
Hepliaklqana
Kikubaaqudgha
Makhleb
Nemelex Xobeh
Okawaru
Qazlal
Ru
Sif Muna
Trog
Uskayaw
Vehumet
Wu Jian
Xom
Yredelemnul
Zin
The Shining One
Jiyva

Shops:
D:2 [   D:6 (   D:11 ?   D:13 (   Orc:1 [   Orc:2 ??:*   Snake:1 ?*=
Snake:3 (

Annotations:
Lair:3 3 runed translucent doors, Ekkabamu's ghost, journeyman TeAE; Gelon's ghost, journeyman TeAE; Iry Ugg's ghost, journeyman TeTm; Kosuged's ghost, journeyman DgDe; Ruockun's ghost, journeyman DsNe
Lair:5 3 runed translucent doors, semem's ghost, adept GrGl
Snake:3 2 transporters


Innate Abilities, Weirdness & Mutations

You cannot be hasted, slowed, berserked, paralysed or teleported.
You can dig through walls and to a lower floor.
You have a pair of large antennae on your head. (SInv)
Your four strong arms can wield two-handed weapons with a shield.


Message History

The naga sharpshooter unwields a +0 war axe.
The naga sharpshooter wields a +0 arbalest.
The naga sharpshooter casts a spell.
The naga sharpshooter magically shoots a bolt.
You reflect the bolt off your +3 kite shield of reflection!
The naga sharpshooter spits poison at you.
Your +3 kite shield of reflection reflects the splash of poison!
The splash of poison misses the naga sharpshooter.
The naga warrior closely misses you. The naga warrior constricts you.
Okay, then.
Okay, then.
You slash the naga warrior!
The naga warrior is poisoned.
The naga warrior is almost dead.
The naga sharpshooter shoots a bolt.
The bolt misses you.
The naga sharpshooter shoots an arrow.
You reflect the arrow off your +3 kite shield of reflection!
The arrow hits the naga sharpshooter!
The naga warrior spits poison at you.
Your +3 kite shield of reflection reflects the splash of poison!
The splash of poison misses the naga warrior.
The naga warrior constricts you.
You hit the naga warrior.
The naga warrior looks as sick as possible!
The naga warrior is almost dead.
You kill the naga warrior!
Cheibriados thoroughly appreciates the change of pace.
You hear a splash.
The naga sharpshooter mumbles some strange words.
The naga sharpshooter magically shoots a bolt.
The bolt hits you!!
* * * LOW HITPOINT WARNING * * *
The naga sharpshooter spits poison at you.
Your +3 kite shield of reflection reflects the splash of poison!
The splash of poison hits the naga sharpshooter but does no damage.
Okay, then.
You feel better.
The naga sharpshooter spits poison at you.
The splash of poison misses you.
The naga sharpshooter shoots a bolt.
The bolt hits you!
You die...

.....#.........#.....##.........,
.....#.........#.....##.........#
.....#.........#....(##.........#
.....#.........'.....##..........
.....#......<..#.....##..........
####.#.........#'######,,,,,,,,,,
...#.#................#,,,,,****,
...'.#.........~~†....#,,,,**,,**
...#.###########@#'####,,,,*,,,,*
...#....##......)†~N....,,,*,,,,*
#'##....###.....)~~)....,,,*,,,,,
........#.##.......N....,,,*,,*,,
.........[.##..........N,,,*,,*,,
........#.##............,,,*,,*,,
........###.............,,,,,,*,,
........#*......##......,,,,,,*,,
###.....#......##*#.†..,,,,,,,*,,


You could see 2 naga sharpshooters and a salamander.

Vanquished Creatures
  Mara (Snake:4)
  Jorgrun (D:13)
  Frances (Snake:2)
  Roxanne (Snake:1)
  Donald (Orc:2)
  Aizul (Snake:1)
  Azrael (Orc:2)
  2 blizzard demons (IceCv)
  An ettin (Orc:2)
  Josephine (Orc:2)
  3 shambling mangroves (Lair:4)
  Harold (D:9)
  5 hydras (Lair:5)
  2 salamander tyrants
  2 ogre magi (Orc:2)
  5 anacondas
  2 catoblepae (Lair:5)
  A deep troll shaman (Lair:5)
  4 boulder beetles
  11 two-headed ogres
  10 death yaks
  10 naga warriors
  4 naga sharpshooters
  An orc high priest (Orc:2)
  4 shock serpents
  An iron troll (Orc:2)
  A salamander mystic (Snake:4)
  2 sea snakes (Snake:4)
  A deep troll (Orc:2)
  4 spriggan simulacra (IceCv)
  3 naga ritualists
  A bog body (IceCv)
  An obsidian statue (IceCv)
  2 mana vipers
  An orc knight (Orc:1)
  A deep elf pyromancer (D:12)
  An orc sorcerer (D:9)
  2 ugly things
  3 manticores
  4 cyclopes
  13 salamanders
  Maurice (Orc:2)
  18 naga magi
  22 elephants
  20 black mambas
  2 torpor snails
  2 guardian serpents (Snake:3)
  12 cane toads
  A rime drake (shapeshifter) (D:13)
  4 freezing wraiths
  4 rime drakes
  7 ice devils (IceCv)
  13 komodo dragons
  A wandering mushroom (Lair:4)
  12 trolls
  6 hornets (Lair:4)
  2 trolls (shapeshifter)
  A polar bear (Lair:5)
  10 blink frogs
  A golden dragon simulacrum (IceCv)
  7 dream sheep (Lair:4)
  3 shadows
  5 wraiths
  3 dire elephant simulacra (IceCv)
  A vampire (D:10)
  A fire elemental (Orc:2)
  4 basilisks
  2 wyverns
  2 steam dragons
  8 minotaur simulacra (IceCv)
  42 yaks
  12 vampire mosquitoes
  4 wargs
  6 harpy simulacra (IceCv)
  3 acid dragons
  5 hell hounds (Orc:2)
  35 nagas
  A hydra simulacrum (IceCv)
  14 water moccasins
  5 black bears
  2 ice beasts (D:7)
  A sky beast (D:7)
  12 orc warriors
  17 wolves
  23 ogres
  4 centaurs
  3 kobold brigands
  8 bullfrogs
  2 scorpions (D:5)
  9 deep troll simulacra (IceCv)
  3 necrophages
  16 wights
  3 lindwurm simulacra (IceCv)
  4 killer bees (D:11)
  6 howler monkeys
  8 electric eels
  3 quasits (D:8)
  3 hounds
  2 jellies
  A gnoll bouda (D:9)
  21 orc priests
  3 iguanas
  15 orc wizards
  4 hell rats
  5 adders
  11 gnolls
  9 river rats
  2 shadow imps
  3 white imps
  An ufetubus (D:7)
  A worm (D:3)
  A dart slug (D:2)
  74 orcs
  8 ball pythons
  5 endoplasms
  7 giant cockroaches
  8 goblins
  7 hobgoblins
  7 jackals
  6 quokkas
  6 bats (D:1)
  3 frilled lizards
  13 kobolds
  3 rats
  A bush (Lair:5)
773 creatures vanquished.

Vanquished Creatures (others)
  A wizard (D:9)
  An orc (D:4)
  25 fungi
  84 plants
  A withered plant (D:1)
112 creatures vanquished.

Grand Total: 885 creatures vanquished

Notes
Turn   | Place    | Note
-------+----------+-------------------------------------------
     0 | D:1      | Majang the Formicid Fighter began the quest for the Orb.
     0 | D:1      | Reached XP level 1. HP: 18/18 MP: 1/1
    91 | D:1      | Reached XP level 2. HP: 19/24 MP: 2/2
   122 | D:1      | Found a white marble altar of Elyvilon.
   155 | D:1      | Found a faded altar of an unknown god.
   422 | D:1      | Reached XP level 3. HP: 30/30 MP: 3/3
   459 | D:1      | Reached skill level 3 in Axes
  1190 | D:2      | Reached XP level 4. HP: 37/37 MP: 4/4
  1456 | D:2      | Found Iriserec's Armour Emporium.
  1803 | D:3      | Reached skill level 4 in Axes
  1942 | D:3      | Reached XP level 5. HP: 42/42 MP: 5/5
  2105 | D:3      | Identified the +0 leather armour of the Constellations {rF+
                  | rN++ Int-5 Dex+2}
  2671 | D:4      | Identified the -2 pair of gloves of Foittipt {rElec rC++
                  | Slay-6 Stlth+}
  2685 | D:4      | Found a white marble altar of Elyvilon.
  2784 | D:4      | Reached XP level 6. HP: 36/49 MP: 6/6
  2787 | D:4      | Reached skill level 5 in Axes
  3022 | D:4      | Found an iron altar of Okawaru.
  3023 | D:4      | Found a shimmering altar of Xom.
  3224 | D:4      | Reached skill level 5 in Fighting
  3459 | D:5      | Entered Level 5 of the Dungeon
  3483 | D:5      | Reached XP level 7. HP: 56/56 MP: 7/7
  3503 | D:5      | Reached skill level 6 in Axes
  3648 | D:5      | Found a basalt altar of Yredelemnul.
  3951 | D:5      | Found an ancient bone altar of Kikubaaqudgha.
  4346 | D:6      | Reached skill level 7 in Axes
  4346 | D:6      | Reached XP level 8. HP: 61/64 MP: 8/8
  4508 | D:6      | Found Qeolaj's Weapon Boutique.
  4537 | D:6      | Identified the +4 war axe "Woakoqoisa" {vamp, rN+ Str+4
                  | Dex-2}
  4764 | D:6      | Found a staircase to the Ecumenical Temple.
  4769 | D:6      | Reached skill level 8 in Axes
  4778 | Temple   | Entered the Ecumenical Temple
  4911 | Temple   | Became a worshipper of Cheibriados the Contemplative
  4945 | D:6      | Found a sparkling altar of Nemelex Xobeh.
  4962 | D:6      | Identified the +6 short sword of Nemelex Xobeh's Whim
                  | {vorpal, rPois}
  5260 | D:7      | Reached XP level 9. HP: 69/72 MP: 9/9
  5289 | D:7      | Reached skill level 1 in Invocations
  5323 | D:7      | Reached skill level 1 in Throwing
  5323 | D:7      | Reached skill level 1 in Evocations
  5479 | D:7      | Reached skill level 1 in Dodging
  5490 | D:7      | Reached skill level 9 in Axes
  5751 | D:7      | Reached * piety under Cheibriados
  5830 | D:7      | Found a stormy altar of Qazlal.
  5853 | D:7      | Reached skill level 5 in Shields
  6277 | D:8      | Found a bloodstained altar of Trog.
  6291 | D:7      | Reached XP level 10. HP: 21/80 MP: 10/12
  6595 | D:8      | Found a blossoming altar of Fedhas.
  6680 | D:8      | Reached ** piety under Cheibriados
  6809 | D:8      | Found a hazy altar of Hepliaklqana.
  6862 | D:8      | Reached skill level 5 in Armour
  7172 | D:8      | Reached skill level 10 in Axes
  7502 | D:9      | Reached *** piety under Cheibriados
  7675 | D:9      | Found a staircase to the Orcish Mines.
  7990 | D:9      | Noticed a wizard
  7996 | D:9      | Killed a wizard
  7997 | D:9      | Reached XP level 11. HP: 53/87 MP: 14/14
  8227 | D:9      | Found an ornate altar of the Wu Jian Council.
  8405 | D:9      | Noticed Harold
  8421 | D:9      | Killed Harold
  8421 | D:9      | Reached **** piety under Cheibriados
  8428 | D:9      | Reached skill level 5 in Invocations
  8739 | D:9      | Noticed a two-headed ogre
  8745 | D:9      | Killed a two-headed ogre
  8998 | D:10     | Entered Level 10 of the Dungeon
  9057 | D:10     | Identified the +9 dagger "Ecoraa" {drain, rF+}
  9086 | D:10     | Noticed a death yak
  9098 | D:10     | Killed a death yak
  9250 | D:10     | Noticed a death yak
  9262 | D:10     | Killed a death yak
  9263 | D:10     | Reached skill level 11 in Axes
  9263 | D:10     | Reached skill level 5 in Evocations
  9559 | D:10     | Found a staircase to the Lair.
  9561 | D:10     | Noticed a death yak
  9573 | D:10     | Killed a death yak
  9583 | D:10     | Reached XP level 12. HP: 51/95 MP: 16/16
  9892 | D:10     | Reached skill level 5 in Throwing
  9946 | D:10     | Noticed a +0 dagger
  9947 | D:10     | Noticed a +0 dagger
  9950 | D:10     | Found a hide-covered altar of Uskayaw.
  9970 | D:10     | Reached ***** piety under Cheibriados
 10110 | Orc:1    | Entered Level 1 of the Orcish Mines
 10300 | D:9      | Noticed a sixfirhy
 10744 | Lair:1   | Entered Level 1 of the Lair of Beasts
 10788 | Lair:1   | Identified a scroll of acquirement
 10788 | Lair:1   | Acquired the +0 pair of gloves "Irahoak" {rPois Dex+4}
 10933 | Lair:1   | You fall into a shaft and drop 1 floor!
 11275 | Lair:1   | Reached skill level 5 in Dodging
 12184 | Lair:2   | Learned a level 3 spell: Lesser Beckoning
 12284 | Lair:2   | Found a staircase to the Swamp.
 12325 | Lair:2   | Reached skill level 12 in Axes
 12364 | Lair:2   | Noticed a death yak
 12374 | Lair:2   | Killed a death yak
 12376 | Lair:2   | Noticed a death yak
 12386 | Lair:2   | Reached skill level 1 in Spellcasting
 12386 | Lair:2   | Reached XP level 13. HP: 102/102 MP: 18/18
 12389 | Lair:2   | Reached ****** piety under Cheibriados
 12391 | Lair:2   | Reached skill level 1 in Translocations
 13277 | Lair:3   | Reached skill level 10 in Fighting
 13422 | Lair:3   | Found a staircase to the Snake Pit.
 13570 | Lair:3   | Identified the +8 mace "Imnuud" {venom, rC+ rCorr Int+4}
 13589 | Lair:3   | Found a runed translucent gate.
 13829 | Lair:3   | Found a runed translucent gate.
 13830 | Lair:3   | Found a runed translucent gate.
 13832 | Lair:3   | Noticed Iry Ugg's ghost (journeyman TeTm)
 13832 | Lair:3   | Noticed Ekkabamu's ghost (journeyman TeAE)
 13832 | Lair:3   | Noticed Ruockun's ghost (journeyman DsNe)
 13832 | Lair:3   | Noticed Gelon's ghost (journeyman TeAE)
 13833 | Lair:3   | Noticed Kosuged's ghost (journeyman DgDe)
 14355 | Lair:4   | Found a gate leading to a gauntlet.
 14414 | Lair:4   | Found a viscous altar of Jiyva.
 14415 | Lair:4   | an oklob plant changed into a shambling mangrove
 14415 | Lair:4   | Noticed a shambling mangrove
 14431 | Lair:4   | Killed a shambling mangrove
 14654 | Lair:4   | Found a staircase to the Slime Pits.
 14655 | Lair:4   | an oklob plant changed into a shambling mangrove
 14655 | Lair:4   | Noticed a shambling mangrove
 14669 | Lair:4   | Killed a shambling mangrove
 15168 | Lair:4   | Reached skill level 10 in Shields
 15681 | Lair:4   | an oklob plant changed into a shambling mangrove
 15681 | Lair:4   | Noticed a shambling mangrove
 15694 | Lair:4   | Killed a shambling mangrove
 15695 | Lair:4   | Reached XP level 14. HP: 50/111 MP: 20/20
 16104 | Lair:5   | Entered Level 5 of the Lair of Beasts
 16115 | Lair:4   | Reached skill level 13 in Axes
 17249 | Lair:5   | Found a runed translucent gate.
 17249 | Lair:5   | Found a runed translucent gate.
 17250 | Lair:5   | Found a runed translucent gate.
 17255 | Lair:5   | Noticed semem's ghost (adept GrGl)
 17962 | Lair:5   | Reached XP level 15. HP: 85/118 MP: 20/22
 18643 | Orc:2    | Entered Level 2 of the Orcish Mines
 18659 | Orc:2    | Found Abutt's Magic Scroll Emporium.
 18676 | Orc:2    | Noticed Josephine
 18692 | Orc:2    | Killed Josephine
 18723 | Orc:2    | Reached skill level 5 in Spellcasting
 18904 | Orc:2    | Reached skill level 14 in Axes
 19021 | Orc:2    | Found Geuxtub's Magic Scroll Shoppe.
 19300 | Orc:2    | Found Omaimec's Book Shop.
 19302 | Orc:2    | Bought 2 scrolls of enchant weapon for 240 gold pieces
 19302 | Orc:2    | Bought a scroll of magic mapping for 120 gold pieces
 19305 | Orc:2    | Found Fonetio's Assorted Antiques.
 19313 | Orc:2    | Bought a potion of heal wounds for 125 gold pieces
 19317 | Orc:2    | Bought a shiny chain mail for 187 gold pieces
 19339 | Orc:2    | Bought 2 scrolls of magic mapping for 240 gold pieces
 19339 | Orc:2    | Bought 2 scrolls of fog for 128 gold pieces
 19339 | Orc:2    | Bought a scroll of fog for 64 gold pieces
 19400 | Orc:2    | Found a staircase to the Elven Halls.
 19477 | Orc:2    | Identified the +0 kite shield of Lucidity {Will- Regen+
                  | Str+4 Stlth+}
 19477 | Orc:2    | Noticed Donald
 19491 | Orc:2    | Killed Donald
 19492 | Orc:2    | Reached skill level 5 in Translocations
 19928 | Orc:2    | Noticed Maurice
 19941 | Orc:2    | Killed Maurice
 19943 | Orc:2    | Noticed Azrael
 19956 | Orc:2    | Killed Azrael
 20190 | Orc:1    | Found Ityxoali's Antique Armour Shoppe.
 20524 | D:11     | Found Ifebetam's Magic Scroll Shop.
 20543 | D:11     | Bought a scroll of enchant armour for 112 gold pieces
 20543 | D:11     | Bought a scroll of magic mapping for 112 gold pieces
 21124 | D:11     | Upgraded the game from 0.30-a0-458-g86641cc369 to
                  | 0.30-a0-459-g9104f0fc43
 21351 | D:12     | Identified the +10 short sword "Valusk" {pain, rPois rC+
                  | Will++ Str-3}
 21852 | D:12     | Reached XP level 16. HP: 126/126 MP: 24/24
 21875 | D:12     | Reached skill level 10 in Armour
 21962 | D:13     | Reached skill level 10 in Invocations
 22000 | D:13     | Noticed Jorgrun
 22012 | D:13     | Killed Jorgrun
 22484 | D:13     | Found Ymiog's Weapon Shoppe.
 22914 | Snake:1  | Entered Level 1 of the Snake Pit
 23035 | Snake:1  | Found a frozen archway.
 23043 | IceCv    | Entered an ice cave
 24516 | Snake:1  | Noticed Roxanne
 24532 | Snake:1  | Killed Roxanne
 24803 | Snake:1  | Learned a level 1 spell: Apportation
 25025 | Snake:1  | Found Sys Zyrch's Magic Scroll Emporium.
 25027 | Snake:1  | Found Saerus's Assorted Antiques.
 25030 | Snake:1  | Found Rimaim's Jewellery Emporium.
 25033 | Snake:1  | Bought a scroll of enchant weapon for 112 gold pieces
 25067 | Snake:1  | Reached skill level 15 in Axes
 25154 | Snake:1  | Noticed Aizul
 25169 | Snake:1  | HP: 6/127 [Aizul/bolt of poison (4)]
 25170 | Snake:1  | Killed Aizul
 25170 | Snake:1  | HP: 2/127 [poisoned by Aizul (bolt of poison)]
 26539 | Snake:2  | Noticed Frances
 26542 | Snake:2  | Killed Frances
 27017 | Snake:2  | Acquired 729 gold pieces
 27080 | Snake:2  | Reached XP level 17. HP: 112/133 MP: 27/27
 27453 | Snake:3  | Found a transporter.
 27797 | Snake:3  | Found a transporter.
 27858 | Snake:3  | Reached skill level 10 in Evocations
 27963 | Snake:3  | Found Nagille's Weapon Shop.
 28280 | Snake:3  | Bought a +0 executioner's axe for 110 gold pieces
 28368 | Snake:3  | Identified the +2 helmet "Hyaluec" {rElec rC+ Int+3}
 28420 | Snake:4  | Entered Level 4 of the Snake Pit
 29343 | Snake:4  | Noticed Mara
 29346 | Snake:4  | Noticed Majang's illusion
 29359 | Snake:4  | Noticed Majang's illusion
 29379 | Snake:4  | Killed Mara
 29381 | Snake:4  | HP: 2/135 [naga sharpshooter/bolt (25)]
 29382 | Snake:4  | Shot with a bolt by a naga sharpshooter

Illustrated notes

Levels and vault maps discovered:
D:1:      giann_wishing_wells, layout_basic, shapermc_ecumenical_altar_gd,
          grunt_decor_mini_mirrors, minmay_hexomino_r4
D:2:      layout_loops_ring, serial_shops, nicolae_shop_crystal, minmay_circle_x
D:3:      layout_loops_ring, nicolae_hexahallways, nrook_mini_vaults
D:4:      layout_gridville, minitemple, mainiacjoe_overflow_catwalk
D:5:      layout_loops_ring, mainiacjoe_overflow_small_starburst,
          kiku_gazebo_pond_becter
D:6:      layout_basic, general_overflow_altar,
          minmay_temple_entry_glassed_door, hangedman_abyss_or_decor_passed,
          minmay_shop_grid_forest, minivault_25, kennysheep_cross_bottleneck
D:7:      layout_loops_ring, nicolae_qazlal_scattered_showers
D:8:      cheibrodos_quashed, layout_loops_ring, fedhas_altar_3,
          mainiacjoe_overflow_chevrons, mainiacjoe_overflow_cross_hatched
D:9:      layout_irregular_city, nzn_wu_jian_contemplation, erik_orc_4,
          ebering_dispersal_statue_hall, minmay_three_doors, uniq_harold
D:10:     layout_big_octagon, dancing_weapons_uskayaw, dpeg_lair_monsters
D:11:     layout_irregular_city, serial_shops, nicolae_shop_crystal,
          minivault_10
D:12:     layout_grid_maze
D:13:     layout_irregular_city, nicolae_stop_n_shop_2, uniq_jorgrun
Temple:   hellmonk_temple_flake
Lair:1:   layout_cave_pods, kennysheep_rathole
Lair:2:   layout_chaotic_city, swamp_mist_pool, grunt_megastairs_4
Lair:3:   layout_regular_city, minmay_snake_entry_guardpost_small,
          gammafunk_ghost_cemetery, infiniplex_staircase_pool_2
Lair:4:   layout_loops_ring, minmay_slime_entry_oklob_open,
          gauntlet_entry_generic, infiniplex_staircase_pool
Lair:5:   grunt_lair_end_beastmaster, layout_cave_pods,
          gammafunk_ghost_hydra_chop, chequers_serial_rivers_micro_d,
          serial_bayou_lagoon_a
Snake:1:  layout_chambers, portal_ice_cave_entry_horrid_things,
          nicolae_snake_salamander_stairs, minmay_shop_star, uniq_roxanne,
          uniq_aizul
Snake:2:  layout_basic, uniq_frances
Snake:3:  gammafunk_its_a_trap, layout_misc_corridors, serial_shops, shop_statue
Snake:4:  grunt_snake_rune_serpentine_throne, layout_cave_town,
          nrook_loot_triangle, serial_bayou_shore_a, lemuel_fruit_tree,
          uniq_vashnia, uniq_mara
Orc:1:    layout_diamond_mine, serial_shops, shop
Orc:2:    st_orc_open, layout_diamond_mine, minmay_orc_temple_c, uniq_maurice,
          uniq_donald, uniq_josephine, uniq_azrael

Skill      XL: |  1  2  3  4  5  6  7  8  9 10 11 12 13 14 15 16 17 |
---------------+----------------------------------------------------+-----
Axes           | 3 4 5 7 8 9 10 11 12 13 14 15 | 15.7
Fighting       | 4 5 6 7 8 9 10 11 12 | 12.6
Invocations    | 2 4 5 7 8 9 10 11 | 11.4
Throwing       | 2 3 4 5 |  5.7
Evocations     | 2 4 5 6 7 8 9 10 | 10.3
Dodging        | 2 3 4 5 6 7 8 |  8.8
Armour         | 4 5 6 7 8 9 10 11 | 11.1
Shields        | 5 6 7 9 10 11 12 13 | 13.2
Spellcasting   | 1 3 4 5 6 7 |  7.5
Translocations | 3 4 5 6 |  6.9

Action                   |  1- 3 |  4- 6 |  7- 9 | 10-12 | 13-15 | 16-18 || total
-------------------------+-------+-------+-------+-------+-------+-------++-------
Melee: War axe           |   123 |   140 |   222 |       |       |       ||   485
       Battleaxe         |       |       |    12 |   423 |   615 |   521 ||  1571
       Hand axe          |       |       |       |       |    26 |   100 ||   126
Throw: Boomerang         |       |       |       |    28 |    65 |     8 ||   101
 Cast: Lesser Beckoning  |       |       |       |       |     1 |    34 ||    35
Invok: Bend Time         |       |       |       |       |     2 |       ||     2
       Slouch            |       |       |       |       |       |    13 ||    13
 Abil: Dig               |       |       |       |     1 |     4 |     2 ||     7
Evoke: Wand              |       |       |       |     6 |    14 |     9 ||    29
       Phial of floods   |       |       |       |       |       |     1 ||     1
  Use: Scroll            |       |     8 |     4 |    13 |     7 |     8 ||    40
       Potion            |       |       |       |     1 |     2 |     7 ||    10
 Stab: Distracted        |       |       |       |       |     2 |     1 ||     3
Armor: Scale mail        |    58 |    28 |       |       |       |       ||    86
       Plate armour      |       |    47 |   113 |   207 |   164 |       ||   531
       Chain mail        |       |       |       |       |    23 |   113 ||   136
Dodge: Dodged            |    72 |    50 |    65 |   208 |   381 |   306 ||  1082
Block: Buckler           |    44 |    25 |    49 |   146 |   239 |    17 ||   520
       Kite shield       |       |       |       |       |   105 |   440 ||   545
       Tower shield      |       |       |       |       |       |   120 ||   120
       Reflection        |       |       |       |       |       |    34 ||    34

Table legend: (Time is in decaauts)
 A = Elapsed time spent in this place.
 B = Non-inter-level travel time spent in this place.
 C = Inter-level travel time spent in this place.
 D = Time resting spent in this place.
 E = Time spent auto-exploring this place.
 F = Levels seen in this place.
 G = Mean time per level.
                   A        B        C        D        E       F      G
               +--------+--------+--------+--------+--------+-----+--------+
         Total |  40706 |  38115 |   2591 |   8543 |  17617 |  26 | 1565.6 |
       Dungeon |  16102 |  15337 |    765 |   2624 |   9577 |  13 | 1238.6 |
        Temple |    147 |    147 |      0 |      0 |      0 |   1 |  147.0 |
          Lair |  11918 |  10716 |   1202 |   2725 |   4260 |   5 | 2383.6 |
     Snake Pit |   7535 |   7255 |    280 |   1770 |   2808 |   4 | 1883.8 |
  Orcish Mines |   3151 |   2808 |    343 |    725 |    714 |   2 | 1575.5 |
      Ice Cave |   1850 |   1850 |      0 |    698 |    257 |   1 | 1850.0 |
               +--------+--------+--------+--------+--------+-----+--------+

Top non-repeatable levels by time:
  Lair:5: 3259 daAuts
 Snake:1: 3191 daAuts
  Lair:4: 2832 daAuts
     D:9: 2534 daAuts
  Lair:3: 2266 daAuts
   Orc:2: 2238 daAuts
   IceCv: 1850 daAuts
  Lair:2: 1785 daAuts
  Lair:1: 1774 daAuts
 Snake:2: 1690 daAuts
    D:10: 1525 daAuts
    D:12: 1479 daAuts
    D:13: 1444 daAuts
 Snake:3: 1414 daAuts
     D:7: 1332 daAuts
